 Dungeon Crawl Stone Soup version 0.26-a0-649-gf8c6c3aab7 (webtiles) character file.

Game seed: 15849743705036282204

74 Drevant2 the Conjurer (level 4, 0/49 HPs)
             Began as a Draconian Conjurer on Sept 26, 2020.
             Slain by Sigmund
             ... wielding a +0 scythe
              (6 damage)
             ... on level 2 of the Dungeon.
             The game lasted 00:05:19 (1852 turns).

Drevant2 the Conjurer (Draconian Conjurer)          Turns: 1852, Time: 00:05:20

Health: 0/49       AC: 22    Str:  9    XL:     4   Next: 9%
Magic:  2/7        EV:  2    Int: 20    God:
Gold:   67         SH:  0    Dex:  9    Spells: 4/7 levels left

rFire    . . .     SeeInvis .   b - +2 dagger (holy)
rCold    . . .     Faith    .   (no shield)
rNeg     + + +     Spirit   .   (armour unavailable)
rPois    +         Reflect  .   (helmet currently unavailable)
rElec    .         Harm     .   (cloak currently unavailable)
rCorr    .         Rampage  .   (gloves currently unavailable)
MR       .....     NoTele   +   (boots currently unavailable)
Stlth    +.........             (no amulet)
HPRegen  0.16/turn              (no ring)
MPRegen  0.10/turn              (no ring)

@: confused, tree-form
A: unfitting armour, AC +5
a: no special abilities


You were on level 2 of the Dungeon.
You were a tree.
You visited 1 branch of the dungeon, and saw 2 of its levels.

You collected 67 gold pieces.

Inventory:

Hand Weapons
 b - a +2 dagger of holy wrath (weapon)
Armour
 g - a +0 pair of boots (melded)
Jewellery
 c - an uncursed amulet of faith {unknown}
Scrolls
 a - 2 scrolls of fear {unknown}
 d - 2 scrolls of immolation {unknown}
 e - 3 scrolls of remove curse {unknown}
 f - a scroll of identify {unknown}
Potions
 h - 2 potions of stabbing {unknown}
 i - a potion of cancellation


   Skills:
 - Level 1.7 Dodging
 - Level 1.9 Stealth
 - Level 2.0 Spellcasting
 * Level 5.6 Conjurations


You had 4 spell levels left.
You knew the following spells:

 Your Spells              Type           Power        Failure   Level
a - Magic Dart            Conj           ###.         1%          1
b - Searing Ray           Conj           ###...       2%          2

Your spell library contained the following spells:

 Spells                   Type           Power        Failure   Level
 Dazzling Flash           Conj/Hex       ##....       16%         3
 Fulminant Prism          Conj/Hex       ##........   45%         4
 Iskenderun's Mystic Bla  Conj/Tloc      ##......     45%         4


Dungeon Overview and Level Annotations

Branches:
Dungeon (2/15)

Altars:

Annotations:
D:2 Sigmund


Innate Abilities, Weirdness & Mutations

((Your plain brown scales are hard. (AC +5)))
You cannot fit into any form of body armour.
((You are cold-blooded and may be slowed by cold attacks.))


Message History

You cannot move. (Use ctrl+direction or * direction to attack without moving.)
You cannot move. (Use ctrl+direction or * direction to attack without moving.)
You swing at nothing.
You hear some strange, mumbled words.
A magic dart appears from out of thin air!
The magic dart hits you.
* * * LOW HITPOINT WARNING * * *
You swing at nothing.
Something hits you but does no damage.
You closely miss something. Something hits you but does no damage.
You swing at nothing.
You swing at nothing.
You feel less confused. Something hits you but does no damage.
You hit something but do no damage.
You hear some strange, mumbled words.
You are confused.
You swing at nothing.
Something hits you but does no damage.
You hit something. You hit something. Something hits you.
You die...

#.#.#######.#.#.# #
#.#.#.......#.#.# #
#.#.####.####.# #
#.#...........# #
#.#......###### #
##.#.####### #
#......(.... #
####.################..
# #.# #....♣{...... #
#.# #.##########.
###.## #.# #.# ......
#.# #.# ###.## #.# #.#
# #.#### #.# # #....#
#.# ####.# #.# #.# #.#


There were no monsters in sight!

Vanquished Creatures
  A gnoll (D:1)
  An adder (D:2)
  2 oozes
  3 dart slugs
  2 leopard geckos
  3 bats
  3 giant cockroaches
  5 goblins
  6 hobgoblins
  3 frilled lizards (D:1)
  3 kobolds (D:1)
  4 rats (D:1)
36 creatures vanquished.

Notes
Turn   | Place    | Note
-------+----------+-------------------------------------------
     0 | D:1      | Drevant2 the Draconian Conjurer began the quest for the
                  | Orb.
     0 | D:1      | Reached XP level 1. HP: 14/14 MP: 3/3
   323 | D:1      | Reached XP level 2. HP: 15/20 MP: 1/5
   896 | D:1      | Reached XP level 3. HP: 26/26 MP: 6/6
   929 | D:1      | Reached skill level 5 in Conjurations
  1500 | D:1      | Learned a level 2 spell: Searing Ray
  1538 | D:2      | Reached XP level 4. HP: 30/33 MP: 3/7
  1816 | D:2      | Noticed Sigmund
  1852 | D:2      | Slain by Sigmund

Illustrated notes

Levels and vault maps discovered:
D:1:      onia_arrival_pyramid, layout_loops_ring, serial_forest,
          infiniplex_forest_lined_room_3, infiniplex_forest_lined_4_way,
          infiniplex_forest_clump_small, infiniplex_forest_lined_2,
          minmay_tetromino_s2
D:2:      layout_basic, grunt_decor_one_mirror, kennysheep_generic_room_15,
          uniq_sigmund

Skill      XL: |  1  2  3 |
---------------+----------+-----
Conjurations   | 5 |  5.6
Dodging        | |  1.7
Stealth        | |  1.9
Spellcasting   | |  2.0

Action                   |  1- 3 |  4- 6 || total
-------------------------+-------+-------++-------
Melee: Unarmed           |    11 |       ||    11
       Dagger            |    97 |    27 ||   124
       Tailslap          |     6 |       ||     6
 Cast: Magic Dart        |    18 |     2 ||    20
       Searing Ray       |     1 |     1 ||     2
  Use: Potion            |       |     2 ||     2
 Stab: Sleeping          |     1 |     2 ||     3
Armor: Skin              |    42 |    12 ||    54
Dodge: Dodged            |    79 |     3 ||    82

Table legend: (Time is in decaauts)
 A = Elapsed time spent in this place.
 B = Non-inter-level travel time spent in this place.
 C = Inter-level travel time spent in this place.
 D = Time resting spent in this place.
 E = Time spent auto-exploring this place.
 F = Levels seen in this place.
 G = Mean time per level.
                   A        B        C        D        E       F      G
               +--------+--------+--------+--------+--------+-----+--------+
         Total |   1852 |   1753 |     99 |    473 |    894 |   2 |  926.0 |
       Dungeon |   1852 |   1753 |     99 |    473 |    894 |   2 |  926.0 |
               +--------+--------+--------+--------+--------+-----+--------+

Top non-repeatable levels by time:
     D:1: 1398 daAuts
     D:2: 454 daAuts
